Cogmind - Beta 17.1 @@@ ROGUE MODE // 2026.08.25 @ 14:05:59 Player: LandRaider Result: Destroyed self with Grenade Launcher Performance ------------- Evolutions (0) 0 Regions Visited (1) 200 Robots Destroyed (17) 85 Value Destroyed (317) 317 Prototype IDs (0) 0 Alien Tech Used (0) 0 Bonus (0) 0 TOTAL SCORE: 602 Bonus ------- None Cogmind --------- Core Integrity 0/250 Matter 278/300 Energy 84/100 System Corruption 0% Temperature Cool (17) Movement Core (400) Ox7 Location -10/Materials Parts ------- > --- POWER (1) -------- (None) > --- PROPULSION (2) --- (None) > --- UTILITY (2) ------ Large Storage Unit > --- WEAPON (2) ------- Light Assault Rifle Grenade Launcher > --- INVENTORY (15) --- Aluminum Leg Aluminum Leg Wheel Wheel Heat Sink Large Storage Unit Signal Interpreter Improved Terrain Scanner Peak State ------------ > --- POWER ------------ Ion Engine > --- PROPULSION ------- Light Treads Light Treads > --- UTILITY ---------- Small Storage Unit Seismic Detector > --- WEAPON ----------- Assault Rifle Light Assault Rifle > --- INVENTORY -------- Ion Engine Aluminum Leg Aluminum Leg Wheel Wheel Improved Terrain Scanner Improved Terrain Scanner Medium Laser [Rating: 8] Favorites ----------- Power Ion Engine Engine Ion Engine Propulsion Light Treads Treads Light Treads Utility Seismic Detector Device Seismic Detector Storage Small Storage Unit Weapon Assault Rifle Energy Gun Medium Laser Ballistic Gun Assault Rifle Launcher Grenade Launcher Build | -11 -10 ------- Run | Yrd Mat Slots Evolved . | . . Power . | . . Propulsion . | . . Utility . | . . Weapon . | . . Parts Attached 12 | 8 4 Power 2 | 1 1 Engine 2 | 1 1 Core . | . . Reactor . | . . Propulsion 2 | 2 . Treads 2 | 2 . Leg . | . . Wheel . | . . Hover . | . . Flight . | . . Utility 4 | 2 2 Device 2 | 1 1 Storage 2 | 1 1 Processor . | . . Hackware . | . . Protection . | . . Artifact . | . . Weapon 4 | 3 1 Energy Gun 1 | 1 . Energy Cannon . | . . Ballistic Gun 2 | 2 . Ballistic Cannon . | . . Launcher 1 | . 1 Special Weapon . | . . Impact Weapon . | . . Slashing Weapon . | . . Piercing Weapon . | . . Special Melee Weapon . | . . Unidentified Prototypes . | . . Parts Lost 7 | . 7 Power 2 | . 2 Propulsion 2 | . 2 Utility 1 | . 1 Weapon 2 | . 2 Highest Loss Streak 4 | . 4 To Critical Strikes . | . . Average Backups 7 | 5 8 Power . | . . Propulsion 3 | 3 4 Utility 1 | . 2 Weapon 1 | . 1 Tool/Special . | . . Unused Backups 9 | . 9 Power . | . . Propulsion 4 | . 4 Utility 5 | . 5 Weapon . | . . Tool/Special . | . . Average Slot Usage (%) 94 | . 94 Engine 13 | . 13 Treads 27 | . 27 Device 13 | . 13 Storage 14 | . 14 Energy Gun 9 | . 9 Ballistic Gun 14 | . 14 Peak Build Rating 8 | 8 8 Average Rating 7 | 6 7 On Entrance 4 | . 8 Avg Prop Armor Cover (%) . | . . Naked Turns . | . . Heaviest Build 30 | 14 30 Greatest Support 40 | 40 40 Greatest Overweight (x) 1 | 1 . Average Overweight (x) . | . . Largest Inventory Capacity 15 | 8 15 Average Capacity 11 | 7 12 Most Carried 9 | 8 9 Average Carried 7 | 5 8 Final Capacity 15 | 8 15 Final Carried 8 | 8 8 Class Distribution -------------------- 100% | Mutant Dominant Class ---------------- Mutant | -10/Materials Resources | -11 -10 ----------- Run | Yrd Mat Matter Collected 521 | 377 144 Remotely . | . . Salvage Created 551 | 193 358 Parts 24 | 12 12 Haulers Intercepted . | . . Recyclers Shooed . | . . Parts Field Recycled . | . . Retrieved Matter . | . . Parts Self-Destructed . | . . Prevented . | . . Parts Restored . | . . Kills | -11 -10 ------- Run | Yrd Mat Combat Hostiles Destroyed 10 | . 10 Guns 9 | . 9 AOE 1 | . 1 Classes Destroyed 5 | 3 2 Worker 2 | 2 . Tunneler 4 | 4 . Recycler 1 | 1 . Swarmer 3 | . 3 Grunt 7 | . 7 Best Kill Streak 5 | 4 5 Combat Bots Only 5 | . 5 Max Kills in Single Turn 2 | 1 2 Gunslinging 1 | . 1 Exploded 1 | . 1 Melee . | . . Uniques/NPCs Destroyed . | . . Combat | -11 -10 -------- Run | Yrd Mat Hostile Shots Fired 98 | . 98 Missed 14 | . 14 Hits 84 | . 84 Projectile 84 | . 84 Critical Strikes 2 | . 2 Damage Taken 1035 | . 1035 Core 251 | . 251 Absorbed by Shields . | . . Core Remaining (%) 100 | 100 . Volleys Fired 78 | 23 55 Largest 2 | 2 2 Hottest 70 | 70 70 Shots Fired 131 | 44 87 Gun 130 | 44 86 Cannon . | . . Launcher 1 | . 1 Special . | . . Kinetic 95 | 41 54 Thermal 35 | 3 32 Explosive 1 | . 1 Electromagnetic . | . . Robot Hit Streak 9 | 5 9 Robot Miss Streak 4 | 2 4 Penetration Max . | . . Secondary Targets 2 | . 2 Max Gunslinging Chain 1 | . 1 Shots Hit Robots 91 | 27 64 Core Hits 31 | 11 20 Critical Kills . | . . Critical Parts Destroyed . | . . Critical Strikes 3 | . 3 Burn 3 | . 3 Melee Attacks . | . . Impact . | . . Slashing . | . . Piercing . | . . Sneak Attacks . | . . Combat Hostiles . | . . Follow-up Attacks . | . . Damage Inflicted 1009 | 288 721 Guns 981 | 288 693 Cannons . | . . Explosions 28 | . 28 Melee . | . . Ramming . | . . Kinetic 644 | 262 382 Thermal 337 | 26 311 Explosive 28 | . 28 Electromagnetic . | . . Impact . | . . Slashing . | . . Piercing . | . . Highest Corruption . | . . Average Corruption . | . . Corruption Purged . | . . Corruption Blocked . | . . Overload Shots . | . . Overflow Damage . | . . Projectiles . | . . Explosions . | . . Melee . | . . Knockbacks . | . . Impact . | . . Kinetic . | . . Secondary . | . . Self-Inflicted Damage 38 | . 38 Shots 1 | . 1 Rammed . | . . Targets Rammed . | . . Kicked . | . . Crushed . | . . Highest Temperature 305 | 27 305 Average Temperature 118 | 14 126 Received Heat Transfer 564 | . 564 Effects 2 | . 2 Energy Bleed 2 | . 2 Siege Activations . | . . Martial Activations . | . . Shielding Activations . | . . Robots Disrupted . | . . Combat Hostiles . | . . Robots Corrupted . | . . Combat Hostiles . | . . Parts Fried . | . . Impact Corruptions . | . . Robots Melted . | . . Combat Hostiles . | . . Parts Melted 5 | . 5 Heat Transferred 1221 | 74 1147 Parts Sabotaged . | . . Parts Stolen . | . . Parts Stripped . | . . Power Chain Reactions . | . . Alert | -11 -10 ------- Run | Yrd Mat Maximum Alert Level . | . . Low Security (%) 100 | 100 100 Level 1 . | . . Level 2 . | . . Level 3 . | . . Level 4 . | . . Level 5 . | . . High Security . | . . Max Security . | . . Peak Influence 106 | 15 106 Initial . | . . Average 31 | 3 41 Influence Increases 397 | 35 362 Destroy 0b10 Robot/C 200 | . 200 Destroy 0b10 Robot/NC 35 | 35 . Destroy Leader 60 | . 60 Successful Hack 12 | . 12 Select Force Hacks 30 | . 30 Lose Combat Pursuer 60 | . 60 Influence Decreases 339 | 35 304 Time Decay 269 | 35 234 Lost Part 70 | . 70 Squads Dispatched 5 | . 5 Investigation 3 | . 3 Extermination . | . . Reinforcement 2 | . 2 Assault . | . . Garrison . | . . Intercept . | . . Searches Triggered . | . . Construction Impeded . | . . Haulers Reinforced . | . . Active Scanning Responses . | . . Cargo Convoy Interrupts . | . . Stealth | -11 -10 --------- Run | Yrd Mat Distress Signals . | . . Communications Jammed . | . . Distress Signals . | . . Times Spotted 20 | . 20 Peak Tracking Total 8 | . 8 Tactical Retreats 3 | . 3 Traps | -11 -10 ------- Run | Yrd Mat Traps Triggered 3 | . 3 Indirectly . | . . Trap Hack Attempts . | . . Triggered . | . . Disarmed . | . . Reprogrammed . | . . Reused . | . . Traps Extracted . | . . Installed . | . . Triggered . | . . Machines | -11 -10 ---------- Run | Yrd Mat Machines Disabled . | . . Max in Single Turn . | . . Machines Repaired . | . . Machines Dismantled . | . . Machines Sabotaged . | . . Overloaded Fab Kills . | . . Hacking | -11 -10 --------- Run | Yrd Mat Machines Accessed 4 | . 4 Terminals 3 | . 3 Fabricators . | . . Repair Stations . | . . Recycling Units 1 | . 1 Scanalyzers . | . . Garrison Access . | . . Total Hacks 11 | . 11 Successful 11 | . 11 Failed . | . . Catastrophic . | . . Database Lockouts . | . . Manual 5 | . 5 Terminals 9 | . 9 Fabricators . | . . Repair Stations . | . . Recycling Units 2 | . 2 Scanalyzers . | . . Garrison Access . | . . Terminal Hacks 6 | . 6 Record 2 | . 2 Emergency Access Points 1 | . 1 Transport Status 1 | . 1 Hauler Manifests 1 | . 1 Registered Components 1 | . 1 Fabricator Hacks . | . . Repair Station Hacks . | . . Recycling Unit Hacks . | . . Scanalyzer . | . . Garrison Access Hacks . | . . Unauthorized Hacks 5 | . 5 Terminals 3 | . 3 Botnet 3 | . 3 Fabricators . | . . Repair Stations . | . . Recycling Units 2 | . 2 Reject 1 | . 1 Tunnel 1 | . 1 Scanalyzers . | . . Garrison Access . | . . Data Cores Recovered . | . . Used . | . . Hacking Detections 3 | . 3 Full Trace Events . | . . Feedback Events . | . . Feedback Blocked . | . . Robot Schematics Acquired . | . . Robots Built . | . . Authchips . | . . Time . | . . Total Robot Build Rating . | . . Part Schematics Acquired . | . . Parts Built . | . . Authchips . | . . Time . | . . Total Part Build Rating . | . . Part Studies Acquired . | . . Parts Repaired . | . . Time . | . . Parts Recycled . | . . Recycled Matter . | . . Retrieved Matter . | . . Retrieved Components . | . . Parts Scanalyzed . | . . Part Schematics Acquired . | . . Parts Damaged . | . . Bothacking | -11 -10 ------------ Run | Yrd Mat Used RIF Installer . | . . Robots Hacked . | . . Non-combat . | . . Combat . | . . Robot Hacks Applied . | . . Relay Couplers Released . | . . Fabnet Peak Effective % . | . . Robots Rewired . | . . Allies Hacked . | . . Hacks Repelled . | . . Allies | -11 -10 -------- Run | Yrd Mat Total Allies . | . . Largest Group . | . . Highest-Rated Group . | . . Highest-Rated Ally . | . . Total Orders . | . . Ally Attacks . | . . Total Damage . | . . Kills . | . . Allies Corrupted . | . . Allies Melted . | . . Intel | -11 -10 ------- Run | Yrd Mat Active Infowar (turns) 586 | 38 548 Seismic 586 | 38 548 Robot Analysis Total . | . . Derelict Logs Recovered . | . . Drone Launches . | . . Drone Recoveries . | . . Exploration | -11 -10 ------------- Run | Yrd Mat Turns Passed 756 | 201 555 Spaces Moved 326 | 75 251 Core 3 | 3 . Treads 323 | 72 251 Legs . | . . Wheels . | . . Hover . | . . Flight . | . . Fastest Speed 50 | 50 160 Average Speed 159 | 156 160 Slowest Speed 160 | 160 160 Overloaded Moves . | . . Propulsion Burnouts . | . . Robots Hopped . | . . Potential Cave-ins . | . . Cave-ins Triggered . | . . Exploration Rate (%) 28 | 4 52 Regions Visited 1 Branch Regions . Pre-discovered Areas 1 | . 1 Known Exits Taken . | . . Unknown Exits Taken 1 | 1 . Scrap Searched . | . . Spaces Dug . | . . Terrain Destroyed . | . . Melee . | . . Projectile . | . . AOE . | . . Terrain Rammed . | . . Walls Destroyed . | . . Machines Disabled . | . . Actions | -11 -10 --------- Run | Yrd Mat Total 439 | 114 325 Wait 4 | . 4 Move 325 | 74 251 Hop . | . . Pick Up 11 | 7 4 Fast Attach 11 | 8 3 Attach 3 | . 3 Detach 1 | 1 . Swap 3 | 1 2 Drop 3 | . 3 Fire 78 | 23 55 Melee . | . . Ram . | . . Kick . | . . Crush . | . . Escape Stasis . | . . Rewire . | . . Trap . | . . Miscellaneous . | . . Route ------- -11/Scrapyard -10/Materials (discovered 1 exit: [*Mat]) History --------- Turn | Location | Event 31 | -11/Scrapyard | Discovered new exit (range 16) 202 | -11/Scrapyard | Entered Materials 307 | -10/Materials | Build established: Mutant 569 | -10/Materials | Core integrity fell below 50% 630 | -10/Materials | Lost 3 parts (1p2w) 678 | -10/Materials | Discovered new exit (range 3) 753 | -10/Materials | Core integrity fell below 20% 757 | -10/Materials | Destroyed self with Grenade Launcher Last Messages --------------- HWHGTMHOQG: Hcp. Storage Unit 62DCD37F6U: Sml. Laser Downloaded coordinate data. 00673_ Acquired Signal Interpreter. 00678_ EXIT=FOUND 00680_ O-16 Technician: "IFF HANDSHAKE FAILED. SECURING TERMINAL." 00690_ ALERT: Hostiles spotted, dispatching reinforcements to Terminal M003. 00729_ Triggered Alarm Trap. 00729_ An alarm sounds. 00729_ ALERT: Alarm triggered, dispatching investigation squad. 00732_ U-05 Engineer lays Concrete. 00743_ Critical hit (Burn: +37). 00746_ Material Compactor disabled. 00748_ Lgt. Treads destroyed. 00749_ Critical hit (Burn: +37). 00750_ Ion Engine destroyed. 00752_ Lgt. Treads destroyed. 00754_ Seismic Detector destroyed. 00757_ G-34 Mercenary destroyed. Map ----- +----------------------------------------------------+ | ???#/ !######????????####??????????????????????? | | ???# + #???????? ??????????????????????? | | ???# """ #### #?#####? """ #?????????????????????? | | ???# """ ####+### #? """ #?????????????????????? | | #### """ # /# < # """ #?????????????????????? | | # # # # #?????????????????????? | | " # =# ! + + #?????????????????????? | | + #* # ########?????????????????????? | | # "T" # = # #?? #?????????????????????? | | ## """ # # #? #?????????????????????? | | ############### #? #?????????????????????? | | # #?????????????????????? | | # #?????????????????????? | | "" + #?????????????????????? | | T" #########????????????????????? | | "" ######### # ###????????!?????????? | | #???????# # """ / ???????????????????? | | +???????# #!! "T" #????????????????????? | | #???????# #!! ?????????????????????? | | #???????# # =???????????????????????? | | """ ######### ###/######## ?????????? | | """ #??????????????? | | """ ###### #####+#???????????????? | | !### #?????????????????????? | | !### #######g##????????????????????? | | ######## #?# ?# @ #????????????????????? | | # # !#?# ?#! [% #????????????????????? | | # + !#?# ?# "" = #????????????????????? | | # [[ ##### !##?# ?# """""g/ ???????????????????? | | # [[ #???####??# ?# """"" # ??????????????????? | | # #?????????# ## """"" # [ ?????????????????? | | # #?????????# ## """ #? ????????????????? | | ####+############# #??? #??#+#???????????????? | | #????? #????????????????????? | | #?????? #????????????????????? | | % ######??##????????????????????? | | ###+#####% ??????????????????????? | | # ## % ??????????????????????? | | # ## ! """" ???????????????????????? | | #! """ ## """ ???????????????????????? | | # """ ## """ ???????????????????????? | | #] """ ## ???????????????????????? | | # ##*= ???????????????????????? | | ##########*= ???????????????????????? | | ?????????# ???????????????????????? | | ?????????# ???????????????????????? | | ????"????# ##### ???????????????????????? | | ???""""??# #????## ????????????????????????? | | ???""""" # ##????? ##### ????????????????????????? | | ???""""" + #??????#?????????????????????????????? | +----------------------------------------------------+ Best States ------------- Heat Dissipation 25 Energy Generation 10 Energy Capacity 250 Matter Stores 300 Matter Capacity 300 Sight Range 16 Terrain Scan Density 10 Evasion (%) 40 Recoil Reduction 2 Item Schematics ----------------- None Robot Schematics ------------------ None Fabricated ------------ Nothing Repaired ---------- Nothing Studied --------- None Alien Tech Used ----------------- None Achievements -------------- None Challenges ------------ None Game ------ Seed FireThiefPick Manual? 0 Play Time 00:07:07 Cumulative 105.9 hours Start 2026.08.25 @ 13:59:13 End 2026.08.25 @ 14:05:59 Sessions 1 Manual Loads 0 Difficulty Rogue Special Mode None Game No. 97 Rogue 95 Adventurer 2 Explorer 0 Win Type - Total 0 Types 0/0/0/0/0/0/0/0/0/0 Lore% 47 Gallery% 43 Achievement% 34 Wizard Run 0 Options --------- Layout 0 ASCII 0 Keyboard 0 Movement Mouse Keybinds 0 Fullscreen 2 Font 24/Smallcaps Map View 76x50 Zoom Use 0% Tactical HUD 1 Map Filters NONE Filters NONE Steam 1 RUN: a37e829d-28cf-4755-bb41-1fe9b4599168